 Dungeon Crawl Stone Soup version 0.18-a0-1800-gdc7a371 (webtiles) character file.

9 Melicamp the Skirmisher (level 2, -2/24 HPs)
             Began as a Demonspawn Chaos Knight on Apr 24, 2016.
             Slain by a giant gecko (4 damage)
             ... on level 1 of the Dungeon.
             The game lasted 00:03:35 (289 turns).

Melicamp the Skirmisher (Demonspawn Chaos Knight)    Turns: 289, Time: 00:03:35

Health: -2/24      AC:  7    Str: 12    XL:     2   Next: 6%
Magic:  2/2        EV: 11    Int: 13    God:    Xom [..*...]
Gold:   64         SH:  0    Dex: 12    Spells: 0 memorised, 1 level left

rFire  . . .     SeeInvis .     k - -3 hunting sling (curse)
rCold  . . .     Gourm    .     b - +2 leather armour
rNeg   . . .     Faith    .     (no shield)
rPois  .         Spirit   .     j - +1 helmet
rElec  .         Dismiss  .     (no cloak)
rCorr  .         Reflect  .     (no gloves)
SustAt .         Harm     .     (no boots)
MR     .....                    (no amulet)
Stlth  +.........               (no ring)
                                (no ring)

@: not resistant to hostile enchantments, very unstealthy
A: demonic guardian 1
a: Renounce Religion


You were on level 1 of the Dungeon.
You worshipped Xom.
You were a toy of Xom.
You were not hungry.

You visited 1 branch of the dungeon, and saw 1 of its levels.

You collected 64 gold pieces.

Inventory:

Hand Weapons
 a - a +0 hand axe of chaos
 k - a cursed -3 hunting sling (weapon)
Missiles
 g - 8 poisoned needles
Armour
 b - a +2 leather armour (worn)
 j - a +1 helmet (worn)
Scrolls
 h - a scroll of blinking
 i - a scroll of identify
Potions
 d - a potion of cure mutation {unknown}
 e - a potion of brilliance {unknown}
Comestibles
 c - a bread ration
 f - a meat ration


   Skills:
 + Level 3.2 Fighting
 + Level 3.0 Axes
 + Level 1.8 Armour
 - Level 0.8 Dodging


You had one spell level left.
You didn't know any spells.

Dungeon Overview and Level Annotations

Branches:
Dungeon (1/15)

Altars:


Innate Abilities, Weirdness & Mutations

A weak demonic guardian rushes to your aid.


Message History

The giant gecko bites you.
* * * LOW HITPOINT WARNING * * *
The giant gecko bites you but does no damage.
You clumsily bash the giant gecko but do no damage.
The giant gecko barely misses you. The giant gecko bites you.
* * * LOW HITPOINT WARNING * * *
You clumsily bash the giant gecko but do no damage.
The giant gecko bites you but does no damage.
The giant gecko completely misses you.
You closely miss the giant gecko. The giant gecko barely misses you.
The giant gecko bites you.
* * * LOW HITPOINT WARNING * * *
You barely miss the giant gecko. The giant gecko barely misses you.
You miss the giant gecko. The giant gecko closely misses you.
The giant gecko barely misses you.
You barely miss the giant gecko. The giant gecko barely misses you.
The giant gecko misses you.
You clumsily bash the giant gecko but do no damage.
The giant gecko closely misses you. The giant gecko bites you.
You die...

#.##.#.# #.##.#.####### #
#.##.#.#.....# # ####.
#.##.....##..# # #.....
#......###..## # ......
#..##.## #.## ####........
#.#....###.#
).............##.#.##..##.#
#...###>........@l.# #.##.#
........####......## #.##.#
.##.#######..###.## #....#
###.# #.. #(# ####.#####
###.######.#####.# #......#
....... .........##### #......#
####.#####.####......###......#
........>........###...†......#
#####.##..######## ###.#......#


You could see a giant gecko.

Vanquished Creatures
  A dart slug (D:1)
  A giant gecko (D:1)
  A goblin (D:1)
  A hobgoblin (D:1)
  2 ball pythons (D:1)
  A kobold (D:1)
7 creatures vanquished.

Notes
Turn   | Place    | Note
--------------------------------------------------------------
     0 | D:1      | Melicamp the Demonspawn Chaos Knight began the quest for the Orb.
     0 | D:1      | Reached XP level 1. HP: 18/18 MP: 1/1
   197 | D:1      | Gained mutation: A weak demonic guardian rushes to your aid. [demonic ancestry]
   197 | D:1      | Reached XP level 2. HP: 24/24 MP: 2/2
   213 | D:1      | XOM: harmless Erth miscast
   285 | D:1      | HP: 1/24 [giant gecko (2)]
   289 | D:1      | Slain by a giant gecko

Vault maps used:
D:1:      dpeg_arrival_simpleton_c, hangedman_abyss_or_decor_lesser_grid,
          nrook_mini_vaults

Skill      XL: |  1 |
---------------+----+-----
Axes           | 3 |  3.0
Fighting       | |  3.2
Armour         | |  1.8
Dodging        | |  0.8

Action                   || total
-------------------------++-------
Melee: Hand axe          ||    11
       Hunting sling     ||    37
  Use: Scroll            ||     1
 Stab: Paralysed         ||     1
Armor: Leather armour    ||    17
Dodge: Dodged            ||    51
